Map: Prion Terraces

Players

Topdolla

  • Race: Zerg Zerg

Fiend - Winner!

  • Race: Terran Terran
  • League: Platinum

VOD

Have the link to the VOD?

Description

Time

  • Played on: March 27, 2016, 4:55 p.m.
  • Length: 17:46
Show
View Real Time Build Order
Export as new Build Order

Topdolla Zerg 

Build Orders: Pool First 

Get SALT Encoding   

  12  0:01  Drone  
  13  0:15  Drone  
  14  0:30  Spawning Pool  
  14  0:32  Drone  
  14  0:38  Overlord  
  14  0:57  Drone x2  
  14  0:58  Drone  
  17  1:16  Queen  
  19  1:25  Hatchery  
  19  1:30  Zergling x2  
  19  1:31  Drone  
  20  1:33  Drone  
  21  1:40  Extractor  
  21  1:41  Overlord  
  20  1:58  Queen  
  22  2:08  Drone x2  
  24  2:17  Drone  
  25  2:40  Queen  
  25  2:41  Drone  
  25  2:42  Drone x4  
  32  2:59  Metabolic Boost  
  32  3:01  Zergling x2, Drone x2  
  35  3:09  Overlord x2  
  35  3:27  Queen  
  36  3:39  Zergling x2  
  36  3:40  Zergling x6, Drone x5  
  45  3:44  Baneling Nest  
  45  3:45  Extractor  
  43  4:03  Lair  
  43  4:10  Evolution Chamber  
  43  4:11  Evolution Chamber  
  43  4:13  Zergling x2, Drone  
  43  4:14  Zergling x4, Drone x2  
  43  4:15  Overlord  
  47  4:27  Hatchery  
  47  4:29  Zergling x4  
  48  5:04  Zerg Ground Armor Level 1, Zerg Melee Weapons Level 1  
  47  5:37  Drone  
  47  5:38  Drone x8  
  56  5:58  Burrow  
  56  6:07  Spire  
  56  6:10  Extractor  
  54  6:12  Extractor  
  54  6:16  Zergling x2  
  54  6:17  Zergling x16  
  62  6:23  Hatchery  
  61  6:32  Zergling x2  
  62  6:33  Zergling x8  
  62  6:34  Centrifical Hooks  
  62  6:35  Overlord x2  
  62  6:39  Baneling x3  
  66  6:46  Spore Crawler  
  65  6:47  Spore Crawler  
  65  6:54  Baneling x4  
  64  6:56  Drone  
  64  6:57  Drone x3  
  68  7:08  Queen  
  70  7:16  Extractor  
  70  7:18  Drone  
  70  7:19  Drone x6  
  70  7:20  Zergling x2  
  70  7:21  Zergling x4  
  79  7:36  Zergling x8  
  82  7:39  Extractor  
  82  7:44  Spine Crawler, Pneumatized Carapace  
  80  7:45  Zergling x8, Spine Crawler  
  80  7:46  Zergling x2, Spine Crawler  
  83  7:53  Extractor  
  83  7:54  Zerg Ground Armor Level 2, Zerg Melee Weapons Level 2  
  83  7:55  Extractor  
  83  7:57  Zergling x6  
  84  8:08  Baneling x10  
  84  8:12  Drone  
  85  8:13  Drone  
  79  8:29  Zergling x2  
  79  8:30  Zergling x18  
  66  8:39  Zergling x2  
  66  8:40  Zergling x6  
  57  8:55  Baneling x6  
  57  8:56  Baneling x8  
  57  8:57  Zergling x2  
  57  8:58  Zergling x12, Queen  
  66  9:15  Infestation Pit  
  65  9:24  Drone x4  
  69  9:43  Overlord x5  
  69  10:07  Drone x3  
  69  10:08  Drone  
  69  10:11  Hive  
  70  10:17  Zergling x2  
  70  10:18  Zergling x20  
  70  10:27  Baneling x2  
  65  11:10  Hatchery  
  64  11:34  Zergling x16  
  64  11:35  Zergling x24  
  84  11:46  Zergling x2  
  88  11:47  Zergling x8  
  76  12:07  Zergling x2  
  76  12:08  Zergling x8  
  51  12:20  Zergling x8  
  51  12:22  Baneling x5  
  54  12:23  Baneling  
  54  12:24  Zergling x2  
  54  12:25  Zergling x2  
  54  12:28  Baneling x4  
  56  12:40  Zergling x6  
  59  12:47  Zergling x6  
  59  12:48  Zergling x6  
  65  13:13  Zergling x10  
  65  13:14  Zergling x2  
  69  13:22  Hatchery  
  69  13:26  Zergling x6  
  69  13:27  Zergling x4  
  71  13:35  Baneling x7  
  71  13:42  Zergling x6  
  66  14:11  Zergling x8  
  66  14:12  Zergling x16  
  66  14:13  Zergling x2  
  61  14:23  Zergling x8  
  54  15:07  Ultralisk Cavern, Corruptor x2  
  54  15:08  Corruptor x2  
  54  15:09  Corruptor  
  63  15:15  Baneling  
  63  15:16  Baneling x5  
  63  15:17  Baneling  
  63  15:27  Baneling  
  63  15:28  Baneling x5  
  63  15:33  Adrenal Glands  
  63  15:53  Zergling x2  
  63  15:54  Zergling x18  
  72  16:06  Zergling x2  
  72  16:07  Zergling x10  
  57  16:27  Ultralisk  
  57  16:28  Zergling x2  
  57  16:29  Zergling x4, Baneling  
  57  16:30  Baneling  
  57  16:31  Baneling  
  65  16:35  Zergling x2  
  65  16:38  Zergling x2  
  67  17:03  Hatchery  
  66  17:24  Zergling x16  
Show
View Real Time Build Order
Export as new Build Order

Fiend Terran - Winner!

Build Orders: Reaper Expand, Bio Tank 

Get SALT Encoding   

  12  0:00  SCV  
  13  0:12  SCV  
  14  0:18  Supply Depot  
  14  0:25  SCV  
  15  0:33  Refinery  
  15  0:39  SCV  
  16  0:45  Barracks  
  16  0:51  SCV  
  17  1:03  SCV  
  18  1:15  SCV  
  19  1:31  Orbital Command  
  19  1:33  Reaper  
  20  1:43  Command Center  
  20  1:55  Factory  
  20  2:00  SCV  
  21  2:06  Supply Depot  
  21  2:12  Refinery, SCV  
  22  2:15  Barracks Reactor  
  22  2:31  SCV  
  23  2:38  Factory Tech Lab  
  23  2:43  SCV  
  24  2:51  Marine x2  
  24  2:58  Starport  
  26  2:59  SCV  
  26  3:00  Barracks, Orbital Command  
  27  3:09  Marine x2  
  29  3:13  SCV  
  29  3:17  Siege Tank  
  33  3:26  SCV  
  34  3:29  SCV  
  35  3:34  Marine x2  
  35  3:37  Medivac  
  35  3:38  SCV  
  40  3:42  Supply Depot  
  40  3:44  SCV  
  41  3:50  SCV, Refinery  
  41  3:53  Barracks Tech Lab  
  42  4:00  SCV  
  42  4:02  Supply Depot  
  43  4:03  Siege Tank  
  43  4:04  SCV  
  43  4:05  Marine  
  48  4:12  SCV  
  48  4:16  Marine x2  
  51  4:17  SCV  
  51  4:21  Starport Reactor  
  52  4:25  Barracks, Supply Depot  
  52  4:29  SCV, Marine  
  54  4:35  SCV, Siege Tank  
  58  4:47  Marine x2  
  58  4:48  Marine  
  61  4:53  Stimpack  
  60  5:05  Marine  
  61  5:07  Siege Tank  
  61  5:12  Barracks Reactor  
  61  5:14  Supply Depot  
  64  5:18  Engineering Bay  
  64  5:21  Engineering Bay  
  64  5:22  Marine x2  
  64  5:23  Barracks  
  64  5:24  Command Center  
  64  5:25  SCV, Liberator  
  64  5:27  Liberator  
  67  5:40  SCV  
  67  5:41  SCV, Marine x3  
  78  5:51  Refinery  
  78  5:53  Supply Depot  
  78  5:57  Supply Depot  
  78  6:13  Barracks Tech Lab  
  78  6:15  SCV x2, Marine x5  
  85  6:19  Supply Depot x2  
  85  6:31  Terran Infantry Armor Level 1, Terran Infantry Weapons Level 1  
  85  6:33  SCV x2, Marine  
  88  6:50  Marine x5  
  88  6:51  Marine, Siege Tank  
  97  6:59  Combat Shields  
  97  7:01  Medivac  
  97  7:03  Medivac  
  97  7:04  SCV x3  
  97  7:07  Marine  
  97  7:08  Marine x2, Supply Depot  
  106  7:09  Missile Turret  
  106  7:13  Missile Turret, Supply Depot  
  107  7:17  Orbital Command  
  107  7:19  Marine x2  
  107  7:20  Marine  
  110  7:24  Siege Tank  
  110  7:25  Marine  
  114  7:33  Barracks, Marine, Supply Depot  
  114  7:35  Barracks  
  115  7:41  Marine x3  
  118  7:45  Marine x2  
  118  7:51  Marine  
  121  7:54  Liberator  
  121  8:01  Marine x3  
  121  8:03  Marine x2  
  126  8:09  Marine  
  126  8:10  Siege Tank  
  126  8:11  Bunker  
  133  8:15  Bunker  
  133  8:19  Marine x2  
  135  8:22  Marine  
  135  8:23  Marine x2  
  134  8:27  Marine  
  134  8:28  Liberator  
  133  8:36  Liberator  
  133  8:37  Marine x2  
  133  8:40  Marine x2  
  106  8:43  Marine  
  106  8:44  Marine  
  106  8:45  Siege Tank  
  114  8:51  Starport  
  114  8:54  Refinery  
  114  8:55  Marine  
  118  8:58  Marine x2  
  118  8:59  Marine  
  118  9:01  Refinery, Marine  
  118  9:02  Marine, Barracks Reactor  
  122  9:03  Barracks Reactor  
  123  9:12  Marine  
  123  9:16  Marine  
  125  9:17  Marine x2  
  125  9:18  SCV x2  
  125  9:19  Marine  
  125  9:22  Marine  
  131  9:30  Marine  
  132  9:34  Marine  
  132  9:35  Marine x2  
  132  9:36  SCV x3  
  132  9:37  Marine  
  139  9:40  Marine  
  140  9:52  SCV x2  
  142  9:54  Supply Depot  
  142  9:56  Starport Reactor, Starport  
  142  9:57  Supply Depot  
  142  10:00  Sensor Tower  
  139  10:22  Liberator x2  
  139  10:23  Widow Mine  
  139  10:25  Marine x3  
  139  10:26  Marine x4  
  148  10:38  Marine x3  
  157  10:48  Marine x5  
  162  10:51  Widow Mine  
  164  11:03  Command Center  
  164  11:05  Missile Turret  
  164  11:06  Marine  
  165  11:13  Starport Tech Lab  
  165  11:17  Supply Depot  
  165  11:18  Supply Depot  
  165  11:21  Supply Depot  
  165  11:30  Supply Depot, Armory  
  165  11:38  Marine, Raven  
  165  11:39  Marine x8, Medivac, Siege Tank  
  181  11:43  Marine  
  182  11:59  Marine x2  
  184  12:07  Marine x2  
  184  12:08  Marine x3  
  144  12:19  Marine x5  
  144  12:21  Terran Infantry Weapons Level 2, Terran Infantry Armor Level 2  
  147  12:23  SCV x3, Raven  
  147  12:24  Medivac x4  
  147  12:25  Marine x3  
  163  12:36  Marine x3, Liberator  
  163  12:37  Marine x2  
  166  12:42  Orbital Command  
  168  12:53  Refinery  
  168  12:56  Refinery  
  171  13:24  Marine x4  
  171  13:25  Marine x3  
  178  13:34  Marine x2  
  180  14:01  Command Center, Missile Turret  
  169  14:13  Missile Turret  
  169  14:15  Missile Turret  
  169  14:17  Command Center, Missile Turret  
  139  14:19  Marine x5  
  139  14:20  Marine x5  
  139  14:21  Thor  
  139  14:22  Liberator x2  
  144  14:36  Sensor Tower  
  144  14:37  Marine x5  
  149  14:39  Raven  
  157  14:56  SCV  
  157  14:57  Sensor Tower  
  158  15:15  Marine  
  158  15:16  Marine x3  
  162  15:27  Marine  
  162  15:28  Marine x5  
  166  15:32  Liberator  
  166  15:33  Marine  
  169  15:36  Planetary Fortress  
  169  15:38  Planetary Fortress  
  169  15:48  Raven  
  169  15:49  Medivac x2  
  178  15:53  Liberator  
  169  16:08  Marine x7, Liberator  
  169  16:09  Marine x3  
  169  16:10  Siege Tank  
  169  16:26  Marine x4  
  169  16:31  Raven  
  175  16:37  Marine x5  
  180  16:42  Siege Tank  
  183  16:49  Factory  
  183  16:51  Factory  
  183  16:53  Refinery  
  183  16:55  Refinery  
  183  16:57  SCV, Refinery  
  183  16:58  Refinery, Marine x3  
  183  16:59  Marine x2  
  189  17:05  Marine  
  190  17:12  Marine x3  
Tags
 
Add a new tag
Caveats
  • Supply blocks, unpowered buildings, or Contaminate may cause inaccurate times.
  • Supply counts are checked every 10 seconds.